 Dungeon Crawl Stone Soup version 0.25.1-2-g60ff931df9 (webtiles) character file.

Game seed: 17603584568901035055

77 gruber the Charmwright (level 4, -7/38 HPs)
             Began as a Gnoll Skald on Dec 7, 2020.
             Was an Initiate of Gozag.
             Mangled by Sigmund
             ... wielding a +0 scythe
              (14 damage)
             ... on level 2 of the Dungeon.
             The game lasted 00:01:32 (1430 turns).

gruber the Charmwright (Gnoll Skald)                Turns: 1430, Time: 00:01:33

Health: -7/38      AC:  3    Str: 14    XL:     4   Next: 34%
Magic:  11/11      EV: 14    Int: 16    God:    Gozag
Gold:   49         SH:  0    Dex: 14    Spells: 12/13 levels left

rFire    . . .     SeeInvis .   l - +2 whip (drain)
rCold    . . .     Gourm    .   (no shield)
rNeg     . . .     Faith    .   b - +0 leather armour
rPois    .         Spirit   .   (no helmet)
rElec    .         Reflect  .   (no cloak)
rCorr    .         Harm     .   (no gloves)
MR       .....                  (no boots)
Stlth    +.........             (no amulet)
HPRegen  0.12/turn              (no ring)
MPRegen  0.12/turn              (no ring)

@: gold aura
A: distributed training, fangs 1, strong nose
a: Potion Petition, Call Merchant, Bribe Branch, Renounce Religion


You were on level 2 of the Dungeon.
You worshipped Gozag.
Gozag was noncommittal.
You were not hungry.

You visited 1 branch of the dungeon, and saw 2 of its levels.

You collected 74 gold pieces.
You paid 25 gold pieces to Gozag.

Inventory:

Hand Weapons
 a - a +0 spear
 f - a +2 whip of pain
 l - a +2 whip of draining (weapon)
Armour
 b - a +0 leather armour (worn)
 g - a +0 buckler
Scrolls
 c - 3 scrolls of teleportation {unknown}
 e - a scroll of random uselessness {unknown}
 j - a scroll of amnesia {unknown}
 k - a scroll of remove curse {unknown}
 m - 2 scrolls of identify {unknown}
Potions
 i - a potion of heal wounds {unknown}
Comestibles
 d - 5 rations
 h - 2 chunks of flesh


   Skills:
 + Level 4.6 Fighting
 + Level 1.1 Short Blades
 + Level 1.1 Long Blades
 + Level 1.1 Axes
 + Level 1.1 Maces & Flails
 + Level 4.6 Polearms
 + Level 1.1 Staves
 + Level 1.1 Slings
 + Level 1.1 Bows
 + Level 1.1 Crossbows
 + Level 1.1 Throwing
 + Level 2.7 Armour
 + Level 4.6 Dodging
 + Level 1.1 Stealth
 + Level 1.1 Shields
 + Level 1.1 Unarmed Combat
 + Level 5.0 Spellcasting
 + Level 0.8 Conjurations
 + Level 0.8 Hexes
 + Level 5.4 Charms
 + Level 0.8 Summonings
 + Level 0.8 Necromancy
 + Level 0.8 Translocations
 + Level 0.8 Transmutations
 + Level 0.8 Fire Magic
 + Level 0.8 Ice Magic
 + Level 0.8 Air Magic
 + Level 0.8 Earth Magic
 + Level 0.8 Poison Magic
 + Level 1.2 Invocations
 + Level 1.1 Evocations


You had 12 spell levels left.
You knew the following spells:

 Your Spells              Type           Power        Failure   Level  Hunger
a - Infusion              Chrm           ###.         1%          1    None

Your spell library contained the following spells:

 Spells                   Type           Power        Failure   Level  Hunger
 Song of Slaying          Chrm           ###.....     3%          2    #......
 Shroud of Golubria       Chrm/Tloc      ##....       8%          2    #......
 Ozocubu's Armour         Chrm/Ice       ##......     16%         3    ###....
 Spectral Weapon          Hex/Chrm       ##......     16%         3    ###....


Dungeon Overview and Level Annotations

Branches:
Dungeon (2/15)

Altars:
Gozag

Annotations:
D:2 Sigmund


Innate Abilities, Weirdness & Mutations

Your experience applies equally to all skills.
You have very sharp teeth.
Your uncanny sense of smell can sniff out nearby items.


Message History

The bat barely misses you. The bat closely misses you.
The bat hits you but does no damage.
Memorise Shroud of Golubria, consuming 2 spell levels and leaving 10?
The bat barely misses you.
You start memorising the spell.
You continue memorising.
The bat hits you but does no damage.
Your memorisation is interrupted.
You miss the bat. The bat completely misses you.
You swing at nothing.
The bat hits you.
You hit the bat. You bite the bat.
The bat is severely wounded.
The bat misses you. Something hits you!
* * * LOW HITPOINT WARNING * * *
You hit the bat.
You kill the bat!
Something hits you.
* * * LOW HITPOINT WARNING * * *
Something hits you!
You die...
Your body crumbles into a pile of gold.

###.......#................
..........................#
........###.####.#........#
.......##.....##.#.........
.......#.8...8.#%#........#
.......#.......#.#.........
).........._...............
.......#.......#.#$$......=
...)...#.8...8.#@#.....#.##
.......##.....##.##........
.....รท..###.###...$....#.##
###'###+# #....#!#.........
#.....# #....#.#.....#.##
#####.# ##...#.#.....#.# #.#
#.#.....# ### #. ..##.#..#
.... . .....#..#


There were no monsters in sight!

Vanquished Creatures
  2 adders (D:2)
  6 dart slugs
  2 leopard geckos (D:1)
  2 giant cockroaches (D:2)
  5 goblins
  6 hobgoblins
  7 kobolds
  A quokka (D:2)
  A ball python (D:2)
  7 bats
  3 frilled lizards
  2 rats (D:1)
44 creatures vanquished.

Notes
Turn   | Place    | Note
-------+----------+-------------------------------------------
     0 | D:1      | gruber the Gnoll Skald began the quest for the Orb.
     0 | D:1      | Reached XP level 1. HP: 20/20 MP: 6/6
   285 | D:1      | Reached XP level 2. HP: 26/26 MP: 7/7
   813 | D:1      | Reached XP level 3. HP: 29/31 MP: 9/9
   885 | D:2      | Reached skill level 5 in Spellcasting
   931 | D:2      | Reached skill level 1 in Invocations
  1038 | D:2      | Reached skill level 1 in Short Blades
  1038 | D:2      | Reached skill level 1 in Long Blades
  1038 | D:2      | Reached skill level 1 in Axes
  1038 | D:2      | Reached skill level 1 in Maces & Flails
  1038 | D:2      | Reached skill level 1 in Staves
  1038 | D:2      | Reached skill level 1 in Slings
  1038 | D:2      | Reached skill level 1 in Bows
  1038 | D:2      | Reached skill level 1 in Crossbows
  1038 | D:2      | Reached skill level 1 in Throwing
  1038 | D:2      | Reached skill level 1 in Stealth
  1038 | D:2      | Reached skill level 1 in Shields
  1038 | D:2      | Reached skill level 1 in Unarmed Combat
  1038 | D:2      | Reached skill level 1 in Evocations
  1118 | D:2      | Reached XP level 4. HP: 37/38 MP: 11/11
  1379 | D:2      | Found an opulent altar of Gozag.
  1391 | D:2      | Became a worshipper of Gozag Ym Sagoz the Greedy
  1408 | D:2      | Noticed Sigmund
  1430 | D:2      | Mangled by Sigmund

Illustrated notes

Levels and vault maps discovered:
D:1:      dpeg_arrival_simpleton_b, layout_basic,
          hangedman_abyss_or_decor_lesser_grid, st_stairs_3
D:2:      minmay_chambers_of_ones, layout_basic, moated_statue,
          grunt_gozag_statues, uniq_sigmund, uniq_crazy_yiuf_cottage

Skill      XL: |  1  2  3 |
---------------+----------+-----
Spellcasting   | 5 |  5.0
Invocations    | 1 |  1.2
Short Blades   | 1 |  1.1
Long Blades    | 1 |  1.1
Axes           | 1 |  1.1
Maces & Flails | 1 |  1.1
Staves         | 1 |  1.1
Slings         | 1 |  1.1
Bows           | 1 |  1.1
Crossbows      | 1 |  1.1
Throwing       | 1 |  1.1
Stealth        | 1 |  1.1
Shields        | 1 |  1.1
Unarmed Combat | 1 |  1.1
Evocations     | 1 |  1.1
Fighting       | |  4.6
Polearms       | |  4.6
Armour         | |  2.7
Dodging        | |  4.6
Conjurations   | |  0.8
Hexes          | |  0.8
Charms         | |  5.4
Summonings     | |  0.8
Necromancy     | |  0.8
Translocations | |  0.8
Transmutations | |  0.8
Fire Magic     | |  0.8
Ice Magic      | |  0.8
Air Magic      | |  0.8
Earth Magic    | |  0.8
Poison Magic   | |  0.8

Action                   |  1- 3 |  4- 6 || total
-------------------------+-------+-------++-------
Melee: Spear             |    18 |       ||    18
       Whip              |    75 |    36 ||   111
       Bite              |     5 |     3 ||     8
 Cast: Infusion          |     3 |       ||     3
 Stab: Sleeping          |     2 |     2 ||     4
  Eat: Chunk             |     1 |     1 ||     2
Armor: Leather armour    |    13 |    13 ||    26
Dodge: Dodged            |    65 |    45 ||   110
